 Dungeon Crawl Stone Soup version 0.31-a0-702-gf82c85558f (webtiles) character file.

Game seed: 5607419424117045718

12014 qw the Skirmisher (level 11, -6/71 HPs)
             Began as a Gargoyle Hunter on Sept 8, 2023.
             Was an Elder of Okawaru.
             Mangled by a pharaoh ant (29 damage)
             ... on level 2 of the Lair of Beasts.
             The game lasted 00:04:58 (10047 turns).

qw the Skirmisher (Gargoyle Hunter)                Turns: 10047, Time: 00:04:59

Health: -6/71      AC: 18    Str: 18    XL:     11   Next: 86%
Magic:  15/16      EV: 20    Int: 10    God:    Okawaru [****..]
Gold:   607        SH:  0    Dex: 23    Spells: 10/10 levels left

rFire   . . .        Y - +3 shortbow (freeze)
rCold   + . .        (shield currently unavailable)
rNeg    + . .        r - +0 troll leather armour
rPois   inf          i - +0 helmet
rElec   +            p - +0 cloak
rCorr   .            n - +0 pair of gloves {Str+3}
SInv    .            j - +0 pair of boots
Will    .....        e - amulet of faith
Stlth   +++          h - ring of protection from cold
HPRegen 1.11/turn    o - +6 ring of dexterity
MPRegen 0.15/turn

%: faith
@: heroic
A: sickness immunity, AC +8, negative energy resistance 1, electricity
resistance, torment resistance 1, petrification resistance
a: Renounce Religion, Heroism, Finesse


You were on level 2 of the Lair of Beasts.
You worshipped Okawaru.
Okawaru was greatly pleased with you.
You visited 2 branches of the dungeon, and saw 13 of its levels.

You collected 640 gold pieces.
You spent 33 gold pieces at shops.


Innate Abilities, Weirdness & Mutations

You are immune to sickness and miasma.
Your stone body is resilient. (AC +8)
You are immune to poison.
You resist negative energy. (rN+)
You are resistant to electric shocks. (rElec)
You are resistant to unholy torment.
You are immune to petrification.


   Skills:
 - Level 9.0(14.0) Fighting
 + Level 13.6(18.6) Ranged Weapons
 - Level 6.0(11.0) Armour
 - Level 5.1(10.1) Dodging
 - Level 1.1(6.1) Stealth
 + Level 7.4 Invocations


You had 10 spell levels left.
You didn't know any spells.
Your spell library was empty.

Inventory:

Hand Weapons
 Y - a +3 shortbow of freezing (weapon)
Armour
 i - a +0 helmet (worn)
 j - a +0 pair of boots (worn)
 n - a +0 pair of gloves of strength (worn)
 p - a +0 cloak (worn)
 r - a +0 troll leather armour (worn)
Jewellery
 e - an amulet of faith (around neck)
 h - a ring of protection from cold (left hand)
 o - a +6 ring of dexterity (right hand)
Scrolls
 g - a scroll of identify
 s - a scroll of teleportation
Potions
 b - a potion of might
 c - 3 potions of cancellation
 d - 2 potions of enlightenment
 k - a potion of heal wounds
 l - a potion of haste
 m - a potion of experience {unknown}

Dungeon Overview and Level Annotations

Branches:
Dungeon (11/15)            Temple (0/1) D:7            Lair (2/5) D:11
    Orc (0/2) D:10
  Swamp: Lair:2-3    Shoals: Lair:2-3     Snake: Lair:2-3    Spider: Lair:2-3

Altars:
Elyvilon
Fedhas
Hepliaklqana
Makhleb
Okawaru
Qazlal
Ru
Sif Muna
Uskayaw
Wu Jian
Yredelemnul

Shops:
D:2 !   D:3 :

Annotations:
D:5 2 transporters, qw's ghost, amateur GrHu
D:10 2 runed translucent doors, qw's ghost, journeyman GrHu


Message History

The arrow hits the yak but does no damage.
The yak is almost dead.
The yak gores you.
The pharaoh ant bites the plant!
You shoot an arrow. The arrow hits the yak!
The arrow freezes the yak.
You kill the yak!
Okawaru accepts your kill.
You shoot an arrow.
The arrow barely misses the pharaoh ant.
A nearby plant withers and dies.
The pharaoh ant bites you!!
You shoot an arrow. The arrow hits the pharaoh ant.
The arrow freezes the pharaoh ant.
The pharaoh ant is lightly damaged.
The pharaoh ant barely misses you.
You shoot an arrow. The arrow hits the pharaoh ant.
The arrow freezes the pharaoh ant.
The pharaoh ant is lightly damaged.
The pharaoh ant closely misses you.
You shoot an arrow.
The arrow barely misses the pharaoh ant.
The pharaoh ant completely misses you.
You shoot an arrow. The arrow hits the pharaoh ant!
The arrow freezes the pharaoh ant.
The pharaoh ant is heavily damaged.
The pharaoh ant misses you.
You shoot an arrow.
The arrow closely misses the pharaoh ant.
The pharaoh ant bites you!!
You shoot an arrow.
The arrow hits the pharaoh ant but does no damage.
The pharaoh ant is heavily damaged.
The tarantella barely misses you. The pharaoh ant barely misses you.
You shoot an arrow.
The arrow barely misses the pharaoh ant.
The tarantella touches you!
You are confused.
The pharaoh ant completely misses you.
10047 ||| DRINKING potion of curing.
You feel better.
10047 ||| (to cure confusion)
The tarantella completely misses you. The pharaoh ant bites you!!
You die...

#....# #...##
##...P# #....##
##...# #....#
... #P...# >.#
##...### ...##
#P...@%## ...P#
##..s#B.##...#
#......#....#
#P..##.......##
##.....%......#
#.#...#......#
..#...#......#
#..##.###.....>l
.. .......


You could see a pharaoh ant and a tarantella.

Vanquished Creatures
  A two-headed ogre (D:9)
  A manticore (D:11)
  A cyclops (D:11)
  2 black mambas (Lair:1)
  A cane toad (Lair:1)
  Maggie (D:8)
  3 komodo dragons
  An unseen horror (D:11)
  2 kobold demonologists (D:10)
  2 trolls
  A hornet (D:9)
  A shadow (D:11)
  2 wyverns
  7 yaks
  A steam dragon (D:6)
  2 basilisks (D:11)
  4 vampire mosquitoes (D:11)
  A redback (Lair:2)
  A water moccasin (D:8)
  Duvessa (D:4)
  5 orc warriors
  A sky beast (D:7)
  2 centaurs
  An ogre (D:5)
  10 kobold brigands
  5 bullfrogs
  2 gnoll sergeants
  2 scorpions (D:5)
  16 wights (D:8)
  Dowan (D:4)
  4 killer bees (D:8)
  A jelly (D:8)
  3 hounds (D:5)
  2 gnoll boudas
  9 orc priests
  Jessica (D:2)
  Terence (D:2)
  Natasha (thrice) (D:2)
  4 iguanas
  13 orc wizards
  A sleepcap (D:4)
  Robin (D:4)
  23 gnolls
  9 adders
  2 shadow imps
  2 white imps
  3 worms
  4 dart slugs
  74 orcs
  4 endoplasms
  2 giant cockroaches
  8 hobgoblins
  10 jackals
  5 quokkas
  5 ball pythons
  3 bats
  A frilled lizard (D:2)
  13 goblins
  26 kobolds
  13 rats
331 creatures vanquished.

Vanquished Creatures (others)
  An ufetubus (D:6)
1 creature vanquished.

Grand Total: 332 creatures vanquished

Notes
Turn   | Place    | Note
-------+----------+-------------------------------------------
     0 | D:1      | qw the Gargoyle Hunter began the quest for the Orb.
     0 | D:1      | Reached XP level 1. HP: 12/12 MP: 1/1
     0 | D:1      | 0 ||| qw: Version: 0.3-a-76-g4403597
     0 | D:1      | 0 ||| qw: Game counter: 1108
     0 | D:1      | 0 ||| qw: Melee chars always use a shield: true
     0 | D:1      | 0 ||| qw: God list: Okawaru
     0 | D:1      | 0 ||| qw: Allow faded altars: false
     0 | D:1      | 0 ||| qw: Do Orc after clearing Dungeon:15 true
     0 | D:1      | 0 ||| qw: Do second Lair branch before Depths: true
     0 | D:1      | 0 ||| qw: Lair rune preference: random
     0 | D:1      | 0 ||| qw: Goals: Normal
     0 | D:1      | 0 ||| PLANNING D:1-11
   210 | D:1      | Reached XP level 2. HP: 17/17 MP: 2/2
   458 | D:1      | Reached XP level 3. HP: 21/21 MP: 3/3
   466 | D:1      | Reached skill level 5 in Ranged Weapons
   756 | D:1      | 756 ||| UPGRADING to +0 ring mail.
   766 | D:1      | 766 ||| DROPPING +0 leather armour.
   767 | D:1      | 767 ||| UPGRADING to +0 helmet.
   772 | D:1      | 772 ||| UPGRADING to ring of protection from cold.
   773 | D:1      | 773 ||| READING scroll labelled CARUTS TADUDWA.
   774 | D:1      | 774 ||| READING scroll labelled NUIPNA EZAEWKEX.
   775 | D:1      | 775 ||| READING 3 scrolls labelled KUOXUWE BUZXEH.
   776 | D:1      | 776 ||| READING scroll labelled GICUACO MIUTS.
   777 | D:1      | 777 ||| DROPPING scroll of butterflies.
   828 | D:2      | Noticed Terence
   834 | D:2      | Killed Terence
   835 | D:2      | Reached XP level 4. HP: 27/27 MP: 4/4
   856 | D:2      | Found Routad's Distillery.
   876 | D:2      | Reached skill level 3 in Fighting
   897 | D:2      | 897 ||| BUYING potion of curing (33 gold).
   897 | D:2      | Bought a potion of curing for 33 gold pieces
   897 | D:2      | 897 ||| SHOPLISTING potion of experience (550 gold, have
                  | 17).
   897 | D:2      | 897 ||| SHOPLISTING potion of heal wounds (55 gold, have
                  | 17).
   928 | D:2      | Found a faded altar of an unknown god.
   998 | D:2      | Noticed Jessica
  1000 | D:2      | Killed Jessica
  1030 | D:2      | Reached XP level 5. HP: 32/32 MP: 5/5
  1040 | D:2      | Noticed Natasha
  1042 | D:2      | Killed Natasha
  1044 | D:2      | Noticed Natasha
  1045 | D:2      | Killed Natasha
  1103 | D:2      | Reached skill level 6 in Ranged Weapons
  1112 | D:2      | Noticed Natasha
  1120 | D:2      | Killed Natasha
  1390 | D:2      | 1390 ||| READING 2 scrolls labelled OSEGUTTIT TACO.
  1391 | D:2      | 1391 ||| READING scroll of enchant weapon.
  1391 | D:2      | 1391 ||| ENCHANTING +1 shortbow of freezing.
  1392 | D:2      | 1392 ||| READING scroll labelled VIZETT DUAZ.
  1393 | D:2      | 1393 ||| READING scroll labelled MERRON COUNKO.
  1394 | D:2      | 1394 ||| READING 2 scrolls of identify.
  1394 | D:2      | 1394 ||| IDENTIFYING dark potion
  1443 | D:3      | Found Hiaciquk's Vocational Training.
  1456 | D:3      | Reached XP level 6. HP: 38/38 MP: 6/6
  1509 | D:3      | Found a hide-covered altar of Uskayaw.
  2036 | D:3      | 2036 ||| UPGRADING to amulet of faith.
  2041 | D:3      | 2041 ||| READING scroll labelled QONAMIETT.
  2269 | D:4      | Noticed Duvessa
  2274 | D:4      | Noticed Dowan
  2275 | D:4      | 2275 ||| Stepping ~*~*~tactically~*~*~ (retreating).
  2278 | D:4      | Killed Duvessa
  2285 | D:4      | HP: 5/38 [Dowan/shard of ice (12)]
  2286 | D:4      | Killed Dowan
  2287 | D:4      | Reached skill level 7 in Ranged Weapons
  2456 | D:4      | Reached XP level 7. HP: 43/43 MP: 7/7
  2461 | D:4      | 2461 ||| Stepping ~*~*~tactically~*~*~ (outnumbered).
  2464 | D:4      | 2464 ||| Stepping ~*~*~tactically~*~*~ (outnumbered).
  2839 | D:4      | Noticed Robin
  2843 | D:4      | Killed Robin
  2869 | D:4      | Found a white marble altar of Elyvilon.
  2881 | D:4      | Found a stormy altar of Qazlal.
  2882 | D:4      | 2882 ||| READING 2 scrolls of identify.
  2882 | D:4      | 2882 ||| IDENTIFYING coppery potion
  2924 | D:5      | Entered Level 5 of the Dungeon
  2928 | D:5      | Found a transporter.
  2996 | D:5      | Reached skill level 8 in Ranged Weapons
  3346 | D:5      | Identified the ring "Cisug" {*Corrode rElec Will+ Stlth+}
  3414 | D:5      | Reached XP level 8. HP: 49/49 MP: 8/8
  3718 | D:5      | Identified the +0 buckler of the Heavens {Will+}
  3720 | D:5      | Noticed qw's ghost (amateur GrHu)
  3910 | D:5      | Found a transporter.
  4129 | D:5      | 4129 ||| DRINKING potion of curing.
  4129 | D:5      | 4129 ||| (to cure confusion)
  4206 | D:5      | 4206 ||| READING 2 scrolls labelled UHIKKA BI DAD.
  4207 | D:5      | 4207 ||| READING scroll labelled YBRUNOWOFE.
  4308 | D:5      | 4308 ||| DROPPING scroll of poison.
  4369 | D:6      | Found an ornate altar of the Wu Jian Council.
  4389 | D:6      | Found a hazy altar of Hepliaklqana.
  4393 | D:6      | Found a burning altar of Makhleb.
  4393 | D:6      | Found an iron altar of Okawaru.
  4394 | D:6      | 4394 ||| PLANNING OKAWARU WORSHIP
  4400 | D:6      | 4400 ||| Stepping ~*~*~tactically~*~*~ (outnumbered).
  4403 | D:6      | Reached skill level 9 in Ranged Weapons
  4404 | D:6      | 4404 ||| Stepping ~*~*~tactically~*~*~ (outnumbered).
  4409 | D:6      | 4409 ||| FLEEEEING.
  4461 | D:6      | Found a basalt altar of Yredelemnul.
  4463 | D:6      | Became a worshipper of Warmaster Okawaru
  4464 | D:6      | 4464 ||| PLANNING D:1-11
  4540 | D:6      | Reached skill level 6 in Fighting
  4960 | D:6      | 4960 ||| UPGRADING to +0 pair of gloves of strength.
  4965 | D:6      | 4965 ||| UPGRADING to +0 cloak.
  4970 | D:6      | 4970 ||| READING scroll labelled MISUPE JARAPNA.
  5031 | D:7      | Found a staircase to the Ecumenical Temple.
  5123 | D:7      | 5123 ||| Stepping ~*~*~tactically~*~*~ (outnumbered).
  5135 | D:7      | Reached skill level 3 in Armour
  5246 | D:7      | 5246 ||| READING scroll of enchant weapon.
  5246 | D:7      | 5246 ||| ENCHANTING +2 shortbow of freezing.
  5310 | D:7      | 5310 ||| Stepping ~*~*~tactically~*~*~ (retreating).
  5311 | D:7      | 5311 ||| Stepping ~*~*~tactically~*~*~ (retreating).
  5400 | D:7      | Found a shimmering blue altar of Sif Muna.
  5450 | D:7      | Reached * piety under Okawaru
  5451 | D:7      | Reached XP level 9. HP: 56/56 MP: 9/9
  5622 | D:7      | 5622 ||| DROPPING +6 ring of intelligence.
  5623 | D:7      | 5623 ||| DROPPING ring of magical power.
  5624 | D:7      | 5624 ||| READING 3 scrolls of identify.
  5624 | D:7      | 5624 ||| IDENTIFYING gluggy clear potion
  5625 | D:7      | 5625 ||| READING 2 scrolls of identify.
  5625 | D:7      | 5625 ||| IDENTIFYING clear potion
  5626 | D:7      | 5626 ||| DROPPING potion of brilliance.
  5627 | D:7      | 5627 ||| DROPPING potion of attraction.
  5642 | D:8      | 5642 ||| INVOKING Heroism.
  5650 | D:8      | 5650 ||| STAIRDANCE
  5654 | D:7      | 5654 ||| INVOKING Heroism.
  5655 | D:7      | 5655 ||| INVOKING Heroism.
  5660 | D:7      | Reached skill level 10 in Ranged Weapons
  5792 | D:8      | 5792 ||| INVOKING Heroism.
  5810 | D:8      | 5810 ||| INVOKING Heroism.
  5814 | D:8      | Reached skill level 1 in Invocations
  5989 | D:8      | Identified the +1 scale mail of Gravitas {rN+ Will+}
  5995 | D:8      | 5995 ||| RETREATING.
  6004 | D:8      | Reached skill level 3 in Dodging
  6004 | D:8      | Reached skill level 3 in Invocations
  6005 | D:8      | 6005 ||| FLEEEEING.
  6007 | D:8      | 6007 ||| INVOKING Heroism.
  6014 | D:8      | 6014 ||| Stepping ~*~*~tactically~*~*~ (outnumbered).
  6029 | D:8      | 6029 ||| INVOKING Heroism.
  6131 | D:8      | 6131 ||| FLEEEEING.
  6143 | D:8      | 6143 ||| FLEEEEING.
  6269 | D:8      | 6269 ||| INVOKING Heroism.
  6375 | D:8      | Reached ** piety under Okawaru
  6390 | D:8      | 6390 ||| INVOKING Heroism.
  6394 | D:8      | Reached skill level 11 in Ranged Weapons
  6626 | D:8      | Noticed Maggie
  6633 | D:8      | Killed Maggie
  6634 | D:8      | Reached XP level 10. HP: 63/63 MP: 13/13
  6648 | D:8      | Found a sacrificial altar of Ru.
  6669 | D:8      | 6669 ||| UPGRADING to +0 acid dragon scales.
  6679 | D:8      | 6679 ||| DROPPING +0 ring mail.
  6680 | D:8      | 6680 ||| READING scroll labelled REXZEPH LUHIAT.
  6681 | D:8      | 6681 ||| READING scroll labelled JUNNARO VERIGI.
  6682 | D:8      | 6682 ||| READING 2 scrolls of identify.
  6682 | D:8      | 6682 ||| IDENTIFYING murky amethyst potion
  6724 | D:9      | 6724 ||| STAIRDANCE
  6730 | D:9      | 6730 ||| STAIRDANCE
  6735 | D:8      | 6735 ||| INVOKING Heroism.
  6865 | D:9      | 6865 ||| STAIRDANCE
  6874 | D:9      | 6874 ||| INVOKING Heroism.
  6879 | D:9      | 6879 ||| STAIRDANCE
  7371 | D:9      | 7371 ||| INVOKING Heroism.
  7383 | D:9      | Reached *** piety under Okawaru
  7538 | D:9      | Found a blossoming altar of Fedhas.
  7680 | D:9      | Noticed a two-headed ogre
  7681 | D:9      | 7681 ||| INVOKING Heroism.
  7692 | D:9      | Killed a two-headed ogre
  7693 | D:9      | Reached skill level 12 in Ranged Weapons
  7770 | D:9      | 7770 ||| READING 3 scrolls of identify.
  7770 | D:9      | 7770 ||| IDENTIFYING lumpy white potion
  7771 | D:9      | 7771 ||| READING 2 scrolls of identify.
  7771 | D:9      | 7771 ||| IDENTIFYING emerald potion
  7772 | D:9      | 7772 ||| DROPPING potion of degeneration.
  7791 | D:10     | Entered Level 10 of the Dungeon
  7824 | D:10     | Noticed a kobold demonologist
  7825 | D:10     | 7825 ||| Stepping ~*~*~tactically~*~*~ (outnumbered).
  7826 | D:10     | 7826 ||| RETREATING.
  7839 | D:10     | Killed a kobold demonologist
  7926 | D:10     | 7926 ||| Stepping ~*~*~tactically~*~*~ (outnumbered).
  7974 | D:10     | 7974 ||| INVOKING Heroism.
  8051 | D:10     | 8051 ||| FLEEEEING.
  8078 | D:10     | 8078 ||| Stepping ~*~*~tactically~*~*~ (outnumbered).
  8088 | D:10     | Reached skill level 13 in Ranged Weapons
  8113 | D:10     | Found a staircase to the Orcish Mines.
  8122 | D:10     | 8122 ||| INVOKING Heroism.
  8259 | D:10     | Found a large runed translucent door.
  8260 | D:10     | Found a large runed translucent door.
  8264 | D:10     | Noticed qw's ghost (journeyman GrHu)
  8276 | D:10     | 8276 ||| INVOKING Heroism.
  8307 | D:10     | 8307 ||| RETREATING.
  8331 | D:10     | 8331 ||| INVOKING Heroism.
  8334 | D:10     | Reached XP level 11. HP: 46/68 MP: 11/14
  8537 | D:10     | 8537 ||| INVOKING Heroism.
  8566 | D:10     | 8566 ||| READING scroll of enchant armour.
  8566 | D:10     | 8566 ||| ENCHANTING +0 acid dragon scales.
  8687 | D:10     | 8687 ||| UPGRADING to +0 pair of boots.
  8692 | D:10     | 8692 ||| DROPPING ring of ice.
  8693 | D:10     | 8693 ||| UPGRADING to +6 ring of dexterity.
  8694 | D:10     | 8694 ||| READING scroll labelled PESHECS BAEMOP.
  8755 | D:11     | 8755 ||| STAIRDANCE
  8762 | D:10     | Reached skill level 9 in Fighting
  8803 | D:11     | 8803 ||| STAIRDANCE
  8842 | D:11     | Reached **** piety under Okawaru
  8867 | D:11     | Noticed a manticore
  8868 | D:11     | 8868 ||| INVOKING Heroism.
  8876 | D:11     | Killed a manticore
  8921 | D:11     | Noticed a cyclops
  8922 | D:11     | 8922 ||| RETREATING.
  8957 | D:11     | 8957 ||| INVOKING Heroism.
  8961 | D:11     | Killed a cyclops
  9100 | D:11     | Identified the +9 whip of Laikeaba {antimagic, rCorr}
  9400 | D:11     | 9400 ||| INVOKING Heroism.
  9404 | D:11     | Reached skill level 6 in Armour
  9418 | D:11     | Found a staircase to the Lair.
  9545 | D:11     | 9545 ||| Stepping randomly (disturbance).
  9555 | D:11     | Reached ***** piety under Okawaru
  9556 | D:11     | Reached skill level 6 in Invocations
  9772 | D:11     | 9772 ||| PLANNING LAIR
  9772 | D:11     | 9772 ||| UPGRADING to +0 troll leather armour.
  9782 | D:11     | 9782 ||| DROPPING +1 acid dragon scales.
  9783 | D:11     | 9783 ||| DRINKING 2 sedimented blue potions.
  9784 | D:11     | 9784 ||| READING 2 scrolls of identify.
  9784 | D:11     | 9784 ||| IDENTIFYING fuming emerald potion
  9785 | D:11     | 9785 ||| DROPPING potion of invisibility.
  9826 | Lair:1   | Entered Level 1 of the Lair of Beasts
  9827 | Lair:1   | 9827 ||| PLANNING GAUNTLET
  9848 | Lair:1   | 9848 ||| INVOKING Heroism.
  9865 | Lair:1   | 9865 ||| INVOKING Heroism.
  9955 | Lair:1   | 9955 ||| INVOKING Heroism.
  9958 | Lair:1   | Received a gift from Okawaru
  9980 | Lair:1   | You fall into a shaft and drop 1 floor!
 10006 | Lair:2   | 10006 ||| Stepping ~*~*~tactically~*~*~ (retreating).
 10008 | Lair:2   | 10008 ||| Stepping ~*~*~tactically~*~*~ (retreating).
 10012 | Lair:2   | 10012 ||| Stepping ~*~*~tactically~*~*~ (retreating).
 10013 | Lair:2   | 10013 ||| Stepping ~*~*~tactically~*~*~ (retreating).
 10014 | Lair:2   | 10014 ||| INVOKING Heroism.
 10029 | Lair:2   | Noticed a pharaoh ant
 10036 | Lair:2   | 10036 ||| INVOKING Heroism.
 10046 | Lair:2   | HP: 12/71 [tarantella (8)]
 10047 | Lair:2   | 10047 ||| DRINKING potion of curing.
 10047 | Lair:2   | 10047 ||| (to cure confusion)
 10047 | Lair:2   | Mangled by a pharaoh ant

Levels and vault maps discovered:
D:1:      matt_arrival_spirals, layout_basic
D:2:      layout_loops_ring, serial_shops, shop,
          ebering_ecumenical_altar_abandoned, minmay_misc_feat_alley,
          kennysheep_crisscross, uniq_terence, uniq_jessica, uniq_natasha
D:3:      layout_loops_ring, mainiacjoe_overflow_tiny_flanked,
          serial_bayou_pond_e, nrook_loot_triangle, nicolae_shop_vocational
D:4:      layout_loops_ring, amethyst_overflow_temple_binary, uniq_robin,
          uniq_duvessa
D:5:      layout_layer_cave, gammafunk_ghost_gnarly_gnolls
D:6:      layout_rooms, nicolae_overflow_hallway_of_the_gods,
          lightli_orcish_oven
D:7:      layout_cave_pools, led_sif_pool, minmay_temple_entry_nine_rooms
D:8:      layout_rooms, marbit_many_paths, uniq_maggie
D:9:      layout_long_grid, overflow_temple_1_default
D:10:     layout_roguey, hiddenorc2_lemuel, ebering_ghost_disaster_area
D:11:     layout_basic, david_lair_generic, statue_in_the_mist_lemuel,
          patterned_corridor
Lair:1:   layout_small_grid, gauntlet_entry_generic,
          gammafunk_ghost_berserking_beasts, serial_forest,
          infiniplex_forest_clump_tiny, infiniplex_forest_straight_2,
          infiniplex_forest_lined_3, infiniplex_forest_clump_medium,
          infiniplex_forest_straight_2, infiniplex_forest_straight_2,
          uniq_gastronok
Lair:2:   layout_long_grid, shoals_dummy_entry,
          nicolae_spider_entry_lesser_pyramids, ebering_ghost_funeral_grove,
          hibernation_bobbens

Skill      XL: |  1  2  3  4  5  6  7  8  9 10 11 |
---------------+----------------------------------+-----
Ranged Weapons | 5 6 7 8 9 11 13 | 13.6
Armour         | 2 3 5 6 |  6.0
Fighting       | 3 4 5 6 7 8 9 |  9.0
Dodging        | 2 3 4 5 |  5.1
Invocations    | 4 7 |  7.4
Stealth        | |  1.1

Action                     |  1- 3 |  4- 6 |  7- 9 | 10-12 || total
---------------------------+-------+-------+-------+-------++-------
   Fire: Shortbow          |    99 |   129 |   433 |   559 ||  1220
 Invoke: Heroism           |       |       |     8 |    17 ||    25
    Use: Scroll            |     4 |     6 |     7 |     8 ||    25
         Potion            |       |       |     1 |     2 ||     3
 Armour: Leather armour    |    25 |       |       |       ||    25
         Ring mail         |       |    34 |   138 |     3 ||   175
         Acid dragon scale |       |       |       |   193 ||   193
         Troll leather arm |       |       |       |    27 ||    27
  Dodge: Dodged            |    15 |    25 |   107 |   209 ||   356

Table legend:
 A = Non-vault XP
 B = Vault XP
 C = Vault XP percentage of total XP
 D = Non-vault monster count
 E = Vault monster count
 F = Vault count percentage of total count
                 A         B        C        D         E       F
            +---------+---------+-------+---------+---------+-------
      Total |   14829 |    2335 |  13.6 |     274 |      57 |  17.2
            +---------+---------+-------+---------+---------+-------
        D:1 |      53 |       0 |   0.0 |      30 |       0 |   0.0
        D:2 |     142 |     108 |  43.2 |      22 |       3 |  12.0
        D:3 |      82 |       0 |   0.0 |      19 |       0 |   0.0
        D:4 |     171 |     241 |  58.5 |      19 |      10 |  34.5
        D:5 |     685 |       0 |   0.0 |      21 |       0 |   0.0
        D:6 |     344 |      15 |   4.2 |      10 |       5 |  33.3
        D:7 |     652 |       0 |   0.0 |      25 |       0 |   0.0
        D:8 |    2159 |     554 |  20.4 |      47 |       2 |   4.1
        D:9 |    1752 |       0 |   0.0 |      27 |       0 |   0.0
       D:10 |    2701 |     441 |  14.0 |      26 |      32 |  55.2
       D:11 |    3276 |     802 |  19.7 |      18 |       4 |  18.2
     Lair:1 |    1666 |       0 |   0.0 |       4 |       0 |   0.0
     Lair:2 |    1146 |     174 |  13.2 |       6 |       1 |  14.3
            +---------+---------+-------+---------+---------+-------
